TOP OF THE 1ST |
Syracuse Chiefs batting - Pitching for Albuquerque Isotopes : RHP Johnathan Starr
|
Pitching: RHP Johnathan Starr
|
|
Batting: LHB Dillon Gonzalez
|
0-0: Called Strike 0-1: Ball 1-1: Fly out, F7 (Flyball, 7, EV 83.8 MPH)
|
Batting: RHB Donovan Auclair
|
0-0: Ball 1-0: Ball 2-0: Ball 3-0: Base on Balls
|
Batting: LHB Dana McDonald
|
0-0: Ball 1-0: Called Strike 1-1: Ball 2-1: Foul Ball, location: 2F 2-2: Strikes out swinging
|
Batting: RHB Kevin Wick
|
0-0: Called Strike 0-1: Ball Donovan Auclair is caught stealing 2nd base 2-4
|
Top of the 1st over - 0 runs, 0 hits, 0 errors, 0 left on base; Syracuse 0 - Albuquerque 0 |
BOTTOM OF THE 1ST |
Albuquerque Isotopes batting - Pitching for Syracuse Chiefs : LHP Jake Richards
|
Pitching: LHP Jake Richards
|
|
Batting: RHB Ron Johansen
|
0-0: Foul Ball, location: 2F 0-1: Ball 1-1: Ball 2-1: SINGLE (Line Drive, 7S, EV 95.0 MPH)
|
Batting: RHB Jerry Castro
|
0-0: Ball 1-0: Called Strike 1-1: Foul Ball, location: 2F 1-2: Ball 2-2: Grounds into double play, 4-6-3 (Groundball, 4MD, EV 86.2 MPH)
|
Batting: RHB Mike Ball
|
0-0: Swinging Strike 0-1: Swinging Strike 0-2: Strikes out looking
|
Bottom of the 1st over - 0 runs, 1 hit, 0 errors, 0 left on base; Syracuse 0 - Albuquerque 0 |
TOP OF THE 2ND |
Syracuse Chiefs batting - Pitching for Albuquerque Isotopes : RHP Johnathan Starr
|
Batting: RHB Kevin Wick
|
0-0: Ball 1-0: Ground out 5-3 (Groundball, 5, EV 82.5 MPH)
|
Batting: LHB Erik Beezley
|
0-0: Ball 1-0: Ball 2-0: Ball 3-0: Called Strike 3-1: Base on Balls
|
Batting: RHB Rene Montoya
|
0-0: Foul Ball, location: 2F 0-1: Ball 1-1: Ball 2-1: Ball 3-1: Called Strike 3-2: Strikes out looking
|
Batting: LHB Shinji Adachi
|
0-0: Ball 1-0: Ball 2-0: Ball 3-0: Called Strike 3-1: Called Strike 3-2: Strikes out swinging
|
Top of the 2nd over - 0 runs, 0 hits, 0 errors, 1 left on base; Syracuse 0 - Albuquerque 0 |
BOTTOM OF THE 2ND |
Albuquerque Isotopes batting - Pitching for Syracuse Chiefs : LHP Jake Richards
|
Batting: RHB Eddie McCoy
|
0-0: Called Strike 0-1: Swinging Strike 0-2: Ball 1-2: Strikes out swinging
|
Batting: RHB Ryan Taylor
|
0-0: Foul Ball, location: 2F 0-1: Ball 1-1: Ground out 6-3 (Groundball, 6D, EV 100.6 MPH)
|
Batting: RHB Bobby Heagle
|
0-0: Called Strike 0-1: Ball 1-1: Ball 2-1: Ball 3-1: Base on Balls
|
Batting: LHB Alan Bianchard
|
0-0: Called Strike Bobby Heagle steals 2nd base (no throw) 0-1: Ball 1-1: Fly out, F7 (Line Drive, 7, EV 91.2 MPH)
|
Bottom of the 2nd over - 0 runs, 0 hits, 0 errors, 1 left on base; Syracuse 0 - Albuquerque 0 |
TOP OF THE 3RD |
Syracuse Chiefs batting - Pitching for Albuquerque Isotopes : RHP Johnathan Starr
|
Batting: RHB Ke-yue Hong
|
0-0: Ground out 5-3 (Groundball, 56S, EV 82.5 MPH)
|
Batting: RHB Brennan Cameron
|
0-0: Foul Ball, location: 2F 0-1: Ball 1-1: Ball 2-1: Foul Ball, location: 2F 2-2: Ball 3-2: Base on Balls
|
Batting: LHB Dillon Gonzalez
|
0-0: Ball 1-0: Ball 2-0: Foul Ball, location: 2F 2-1: Grounds into double play, 4-6-3 (Groundball, 4M, EV 83.8 MPH)
|
Top of the 3rd over - 0 runs, 0 hits, 0 errors, 0 left on base; Syracuse 0 - Albuquerque 0 |
BOTTOM OF THE 3RD |
Albuquerque Isotopes batting - Pitching for Syracuse Chiefs : LHP Jake Richards
|
Batting: LHB Enrique Andrade
|
0-0: Ball 1-0: Ball 2-0: Swinging Strike 2-1: Ball 3-1: Ground out 4-3 (Groundball, 4, EV 91.9 MPH)
|
Batting: RHB Joe Hinson
|
0-0: Called Strike 0-1: Called Strike 0-2: Ball 1-2: Ball 2-2: Ball 3-2: Foul Ball, location: 2F 3-2: Strikes out looking
|
Batting: RHB Ron Johansen
|
0-0: Ball 1-0: Foul Ball, location: 2F 1-1: Swinging Strike 1-2: Strikes out swinging
|
Bottom of the 3rd over - 0 runs, 0 hits, 0 errors, 0 left on base; Syracuse 0 - Albuquerque 0 |
TOP OF THE 4TH |
Syracuse Chiefs batting - Pitching for Albuquerque Isotopes : RHP Johnathan Starr
|
Batting: RHB Donovan Auclair
|
0-0: Ball 1-0: Foul Ball, location: 2F 1-1: Called Strike 1-2: Fly out, F9 (Flyball, 9D, EV 98.8 MPH)
|
Batting: LHB Dana McDonald
|
0-0: Foul Ball, location: 2F 0-1: Ball 1-1: Ball 2-1: Ground out 4-3 (Groundball, 4, EV 90.6 MPH)
|
Batting: RHB Kevin Wick
|
0-0: Swinging Strike 0-1: SINGLE (Groundball, 6MS, EV 62.5 MPH) (infield hit)
|
Batting: LHB Erik Beezley
|
0-0: Ball 1-0: Called Strike Kevin Wick steals 2nd base 1-1: Ground out U3 (Groundball, 3, EV 85.0 MPH)
|
Top of the 4th over - 0 runs, 1 hit, 0 errors, 1 left on base; Syracuse 0 - Albuquerque 0 |
BOTTOM OF THE 4TH |
Albuquerque Isotopes batting - Pitching for Syracuse Chiefs : LHP Jake Richards
|
Batting: RHB Jerry Castro
|
0-0: Ball 1-0: Ball 2-0: Ball 3-0: Base on Balls
|
Batting: RHB Mike Ball
|
0-0: Called Strike 0-1: Ball 1-1: Called Strike 1-2: Strikes out swinging
|
Batting: RHB Eddie McCoy
|
0-0: Ball 1-0: Swinging Strike 1-1: Foul Ball, location: 2F 1-2: Foul Ball, location: 2F 1-2: Ball 2-2: Ball 3-2: Foul Ball, location: 2F 3-2: Strikes out swinging
|
Batting: RHB Ryan Taylor
|
0-0: Ball 1-0: Foul Ball, location: 2F 1-1: Ball 2-1: Ball 3-1: Base on Balls Jerry Castro to second
|
Batting: RHB Bobby Heagle
|
0-0: Called Strike 0-1: Ball 1-1: Ball 2-1: Swinging Strike 2-2: Ball 3-2: Foul Ball, location: 2F 3-2: DOUBLE (Line Drive, 3D, EV 106.9 MPH) Jerry Castro scores Ryan Taylor to third Ryan Taylor scores
|
Batting: LHB Alan Bianchard
|
0-0: Called Strike Bobby Heagle steals 3rd base 0-1: Foul Ball, location: 2F 0-2: Ground out 6-3 (Groundball, 6, EV 104.4 MPH)
|
Bottom of the 4th over - 2 runs, 1 hit, 0 errors, 1 left on base; Syracuse 0 - Albuquerque 2 |
TOP OF THE 5TH |
Syracuse Chiefs batting - Pitching for Albuquerque Isotopes : RHP Johnathan Starr
|
Batting: RHB Rene Montoya
|
0-0: Ball 1-0: Called Strike 1-1: Ball 2-1: Foul Ball, location: 2F 2-2: Ball 3-2: Strikes out swinging
|
Batting: LHB Shinji Adachi
|
0-0: Called Strike 0-1: Ball 1-1: Foul Ball, location: 2F 1-2: Ball 2-2: Foul Ball, location: 2F 2-2: Ball 3-2: DOUBLE (Line Drive, 9LD, EV 110.6 MPH)
|
Batting: RHB Ke-yue Hong
|
0-0: Called Strike 0-1: Foul Ball, location: 2F 0-2: SINGLE (Groundball, 6MS, EV 70.6 MPH) (infield hit) Shinji Adachi to third
|
Batting: RHB Brennan Cameron
|
0-0: Called Strike 0-1: Swinging Strike 0-2: Foul Ball, location: 2F 0-2: Ground out 3-1 (Groundball, 34S, EV 86.2 MPH) Ke-yue Hong to second
|
Batting: LHB Dillon Gonzalez
|
0-0: Called Strike 0-1: Hit by Pitch
|
Batting: RHB Donovan Auclair
|
0-0: Ball 1-0: Ball 2-0: Called Strike 2-1: Ball 3-1: Base on Balls Shinji Adachi scores Ke-yue Hong to third Dillon Gonzalez to second
|
Batting: LHB Dana McDonald
|
0-0: Ball 1-0: Called Strike 1-1: Ball 2-1: Foul Ball, location: 2F 2-2: SINGLE (Groundball, 6S, EV 68.8 MPH) (infield hit) Ke-yue Hong scores Dillon Gonzalez to third Donovan Auclair to second
|
Batting: RHB Kevin Wick
|
0-0: Swinging Strike 0-1: Ball 1-1: Hit by Pitch Dillon Gonzalez scores Donovan Auclair to third Dana McDonald to second
|
Batting: LHB Erik Beezley
|
0-0: Ball 1-0: Swinging Strike 1-1: Called Strike 1-2: Ball 2-2: Ground out 4-3 (Groundball, 4, EV 102.5 MPH)
|
Top of the 5th over - 3 runs, 3 hits, 0 errors, 3 left on base; Syracuse 3 - Albuquerque 2 |
BOTTOM OF THE 5TH |
Albuquerque Isotopes batting - Pitching for Syracuse Chiefs : LHP Jake Richards
|
Batting: LHB Enrique Andrade
|
0-0: Ball 1-0: Foul Ball, location: 2F 1-1: Foul Ball, location: 2F 1-2: Foul Ball, location: 2F 1-2: Ball 2-2: Strikes out looking
|
Batting: RHB Joe Hinson
|
0-0: Swinging Strike 0-1: Ball 1-1: Fly out, F9 (Flyball, 9D, EV 96.2 MPH)
|
Batting: RHB Ron Johansen
|
0-0: Called Strike 0-1: Ground out 4-3 (Groundball, 4S, EV 61.2 MPH)
|
Bottom of the 5th over - 0 runs, 0 hits, 0 errors, 0 left on base; Syracuse 3 - Albuquerque 2 |
TOP OF THE 6TH |
Syracuse Chiefs batting - Pitching for Albuquerque Isotopes : RHP Johnathan Starr
|
Batting: RHB Rene Montoya
|
0-0: Ball 1-0: Ball 2-0: Ball 3-0: Called Strike 3-1: Base on Balls
|
Pitching: RHP Jason Hamlyn
|
|
Batting: LHB Shinji Adachi
|
0-0: Ball 1-0: Ball 2-0: Ground out 4-3 (Groundball, 4S, EV 66.2 MPH) Rene Montoya to second
|
Batting: RHB Ke-yue Hong
|
0-0: Ball Rene Montoya steals 3rd base 1-0: Called Strike 1-1: Ground out U3 (Groundball, 34S, EV 86.9 MPH)
|
Batting: RHB Brennan Cameron
|
0-0: Foul Ball, location: 2F 0-1: Swinging Strike 0-2: Ball 1-2: Ball 2-2: Strikes out looking
|
Top of the 6th over - 0 runs, 0 hits, 0 errors, 1 left on base; Syracuse 3 - Albuquerque 2 |
BOTTOM OF THE 6TH |
Albuquerque Isotopes batting - Pitching for Syracuse Chiefs : LHP Jake Richards
|
Pitching: LHP Jose Torres
|
|
Batting: RHB Jerry Castro
|
0-0: Ball 1-0: Ground out 4-3 (Groundball, 4, EV 87.5 MPH)
|
Batting: RHB Mike Ball
|
0-0: Ball 1-0: Ground out U3 (Groundball, 3, EV 79.4 MPH)
|
Batting: RHB Eddie McCoy
|
0-0: Called Strike 0-1: Called Strike 0-2: Ball 1-2: Foul Ball, location: 2F 1-2: Ball 2-2: Ball 3-2: Base on Balls
|
Batting: RHB Ryan Taylor
|
0-0: Ball 1-0: Called Strike 1-1: Ball 2-1: Swinging Strike 2-2: Ball 3-2: Base on Balls Eddie McCoy to second
|
Batting: RHB Bobby Heagle
|
0-0: Foul Ball, location: 2F 0-1: Swinging Strike 0-2: Strikes out swinging
|
Bottom of the 6th over - 0 runs, 0 hits, 0 errors, 2 left on base; Syracuse 3 - Albuquerque 2 |
TOP OF THE 7TH |
Syracuse Chiefs batting - Pitching for Albuquerque Isotopes : RHP Jason Hamlyn
|
Pitching: LHP Jorge Segarra
|
|
Batting: LHB Dillon Gonzalez
|
0-0: Ball 1-0: Foul Ball, location: 2F 1-1: Ground out 6-3 (Groundball, 6, EV 102.5 MPH)
|
Pitching: RHP Justin Gasper
|
|
Batting: RHB Donovan Auclair
|
0-0: Called Strike 0-1: Ball 1-1: Ball 2-1: Ground out 4-3 (Groundball, 4, EV 95.6 MPH)
|
Batting: LHB Dana McDonald
|
0-0: Foul Ball, location: 2F 0-1: Foul Ball, location: 2F 0-2: Ball 1-2: Strikes out looking
|
Top of the 7th over - 0 runs, 0 hits, 0 errors, 0 left on base; Syracuse 3 - Albuquerque 2 |
BOTTOM OF THE 7TH |
Albuquerque Isotopes batting - Pitching for Syracuse Chiefs : LHP Jose Torres
|
Pitching: RHP Kenny Medina
|
|
Batting: LHB Alan Bianchard
|
0-0: Swinging Strike 0-1: Swinging Strike 0-2: Foul Ball, location: 2F 0-2: Ball 1-2: Strikes out swinging
|
Batting: LHB Enrique Andrade
|
0-0: Ball 1-0: Foul Ball, location: 2F 1-1: Ball 2-1: Ball 3-1: Base on Balls
|
Batting: RHB Joe Hinson
|
0-0: Ball 1-0: Ball 2-0: Foul Ball, location: 2F 2-1: Ball 3-1: Called Strike 3-2: Foul Ball, location: 2F 3-2: Grounds into double play, 5-4-3 (Groundball, 56, EV 91.9 MPH)
|
Bottom of the 7th over - 0 runs, 0 hits, 0 errors, 0 left on base; Syracuse 3 - Albuquerque 2 |
TOP OF THE 8TH |
Syracuse Chiefs batting - Pitching for Albuquerque Isotopes : RHP Justin Gasper
|
Batting: RHB Kevin Wick
|
0-0: Ball 1-0: Ball 2-0: Swinging Strike 2-1: Swinging Strike 2-2: Ball 3-2: Base on Balls
|
Batting: LHB Erik Beezley
|
0-0: Ball 1-0: Ball Kevin Wick is caught stealing 2nd base 2-6 2-0: Ball 3-0: Base on Balls
|
Batting: RHB Rene Montoya
|
0-0: Ground out 4-3 (Groundball, 4MS, EV 74.4 MPH) Erik Beezley to second
|
Batting: LHB Shinji Adachi
|
0-0: Hit by Pitch
|
Batting: RHB Ke-yue Hong
|
0-0: Ball 1-0: Foul Ball, location: 2F 1-1: Called Strike 1-2: Ball 2-2: Ground out U3 (Groundball, 34, EV 108.1 MPH)
|
Top of the 8th over - 0 runs, 0 hits, 0 errors, 2 left on base; Syracuse 3 - Albuquerque 2 |
BOTTOM OF THE 8TH |
Albuquerque Isotopes batting - Pitching for Syracuse Chiefs : RHP Kenny Medina
|
Pitching: RHP Johnny Marquez
|
|
Pinch Hitting: LHB Tetsuya Oba
|
0-0: Ball 1-0: Ball 2-0: Swinging Strike 2-1: Ball 3-1: Ground out 2-3 (Groundball, 15S, EV 63.1 MPH)
|
Batting: RHB Jerry Castro
|
0-0: SINGLE (Groundball, 6MS, EV 77.5 MPH) (infield hit)
|
Pinch Hitting: LHB Katsunan Akimoto
|
0-0: Ball 1-0: Foul Ball, location: 2F 1-1: Ball 2-1: Called Strike 2-2: Ball 3-2: Base on Balls Jerry Castro to second
|
Batting: RHB Eddie McCoy
|
0-0: Ball 1-0: Ball 2-0: Ball 3-0: Base on Balls Jerry Castro to third Katsunan Akimoto to second
|
Batting: RHB Ryan Taylor
|
0-0: Called Strike 0-1: Grounds into fielders choice 4-2 (Groundball, 6, EV 80.6 MPH) Katsunan Akimoto to third Eddie McCoy to second
|
Batting: RHB Bobby Heagle
|
0-0: Swinging Strike 0-1: Ball 1-1: SINGLE (Groundball, 6MD, EV 101.2 MPH) Katsunan Akimoto scores Eddie McCoy to third Ryan Taylor to second Runner from 3rd tries for Home, SAFE, throw by CF to home
|
Batting: LHB Alan Bianchard
|
0-0: Called Strike 0-1: Ball 1-1: Ball 2-1: Ball 3-1: Swinging Strike 3-2: Foul Ball, location: 2F 3-2: Strikes out swinging
|
Bottom of the 8th over - 2 runs, 2 hits, 0 errors, 2 left on base; Syracuse 3 - Albuquerque 4 |
TOP OF THE 9TH |
Syracuse Chiefs batting - Pitching for Albuquerque Isotopes : RHP Justin Gasper
|
Pitching: LHP Nate Tate
|
|
Now at 2B: Tetsuya Oba
|
|
Now at 3B: Katsunan Akimoto
|
|
Batting: RHB Brennan Cameron
|
0-0: Called Strike 0-1: Ball 1-1: Called Strike 1-2: Foul Ball, location: 2F 1-2: Ball 2-2: Ball 3-2: Ground out 6-3 (Groundball, 6, EV 98.8 MPH)
|
Batting: LHB Dillon Gonzalez
|
0-0: Ball 1-0: Ball 2-0: SINGLE (Flyball, 7S, EV 91.9 MPH)
|
Batting: RHB Donovan Auclair
|
0-0: Ball 1-0: Foul Ball, location: 2F 1-1: Ball 2-1: Ball 3-1: Base on Balls Dillon Gonzalez to second
|
Pinch Hitting: SHB Alex Ethridge
|
0-0: Fielders Choice at 2nd, 1-6 (Groundball, 34S, EV 68.8 MPH) Dillon Gonzalez to third
|
Batting: RHB Kevin Wick
|
0-0: Ball 1-0: Called Strike 1-1: Foul Ball, location: 2F 1-2: Ball 2-2: SINGLE (Line Drive, 9S, EV 104.4 MPH) Dillon Gonzalez scores Alex Ethridge to second
|
Batting: LHB Erik Beezley
|
0-0: Called Strike 0-1: Called Strike 0-2: Foul Ball, location: 2F 0-2: Strikes out swinging
|
Top of the 9th over - 1 run, 2 hits, 0 errors, 2 left on base; Syracuse 4 - Albuquerque 4 |
BOTTOM OF THE 9TH |
Albuquerque Isotopes batting - Pitching for Syracuse Chiefs : RHP Johnny Marquez
|
Pitching: RHP Ruben Nevarel
|
|
Now at 3B: Alex Ethridge
|
|
Batting: LHB Enrique Andrade
|
0-0: Called Strike 0-1: Foul Ball, location: 2F 0-2: Ball 1-2: Ground out 6-3 (Groundball, 6D, EV 101.2 MPH)
|
Batting: RHB Joe Hinson
|
0-0: Foul Ball, location: 2F 0-1: Swinging Strike 0-2: Strikes out swinging
|
Batting: LHB Tetsuya Oba
|
0-0: Called Strike 0-1: Foul Ball, location: 2F 0-2: SINGLE (Groundball, 34D, EV 95.0 MPH)
|
Batting: RHB Jerry Castro
|
0-0: Called Strike 0-1: Ball Tetsuya Oba is caught stealing 2nd base 2-4
|
Bottom of the 9th over - 0 runs, 1 hit, 0 errors, 0 left on base; Syracuse 4 - Albuquerque 4 |
TOP OF THE 10TH |
Syracuse Chiefs batting - Pitching for Albuquerque Isotopes : LHP Nate Tate
|
Pitching: LHP Baltwin van Vliet
|
|
Batting: RHB Rene Montoya
|
0-0: Ball 1-0: Ball 2-0: Swinging Strike 2-1: Foul Ball, location: 2F 2-2: Ground out 6-3 (Groundball, 6, EV 86.2 MPH)
|
Pinch Hitting: RHB Niek de Haan
|
0-0: Ball 1-0: Foul Ball, location: 2F 1-1: Ground out 6-3 (Groundball, 6, EV 88.1 MPH)
|
Batting: RHB Ke-yue Hong
|
0-0: Called Strike 0-1: Ball 1-1: Swinging Strike 1-2: Foul Ball, location: 2F 1-2: Ball 2-2: Ball 3-2: Strikes out swinging
|
Top of the 10th over - 0 runs, 0 hits, 0 errors, 0 left on base; Syracuse 4 - Albuquerque 4 |
BOTTOM OF THE 10TH |
Albuquerque Isotopes batting - Pitching for Syracuse Chiefs : RHP Ruben Nevarel
|
Now at 1B: Niek de Haan
|
|
Batting: RHB Jerry Castro
|
0-0: SINGLE (Groundball, 6D, EV 98.8 MPH)
|
Batting: LHB Katsunan Akimoto
|
0-0: Ball 1-0: Ball 2-0: Foul Ball, location: 2F 2-1: SINGLE (Groundball, 34D, EV 105.0 MPH) Jerry Castro to second Runner from 2nd tries for 3rd, SAFE, throw by RF made to third
|
Batting: RHB Eddie McCoy
|
0-0: Ball 1-0: Ball 2-0: Fielders Choice at home, 4-2 (Groundball, 4, EV 77.5 MPH) Katsunan Akimoto to second
|
Batting: RHB Ryan Taylor
|
0-0: Ball 1-0: Ball 2-0: Swinging Strike 2-1: SINGLE (Line Drive, 56D, EV 94.4 MPH) Katsunan Akimoto to third Eddie McCoy to second
|
Batting: RHB Bobby Heagle
|
0-0: Grounds into fielders choice 3-2 (Groundball, 34, EV 108.1 MPH) Eddie McCoy to third Ryan Taylor to second
|
Batting: LHB Alan Bianchard
|
0-0: Called Strike 0-1: Ball 1-1: Foul Ball, location: 2F 1-2: Strikes out swinging
|
Bottom of the 10th over - 0 runs, 3 hits, 0 errors, 3 left on base; Syracuse 4 - Albuquerque 4 |
TOP OF THE 11TH |
Syracuse Chiefs batting - Pitching for Albuquerque Isotopes : LHP Baltwin van Vliet
|
Batting: RHB Brennan Cameron
|
0-0: Called Strike 0-1: Called Strike 0-2: Strikes out swinging
|
Batting: LHB Dillon Gonzalez
|
0-0: Called Strike 0-1: Ball 1-1: Foul Ball, location: 2F 1-2: DOUBLE (Line Drive, 78D, EV 111.9 MPH)
|
Batting: RHB Donovan Auclair
|
0-0: Ball 1-0: Swinging Strike 1-1: Swinging Strike 1-2: Strikes out swinging
|
Batting: SHB Alex Ethridge
|
0-0: Ball 1-0: Foul Ball, location: 2F 1-1: Ball 2-1: Ball 3-1: Base on Balls
|
Batting: RHB Kevin Wick
|
0-0: Called Strike 0-1: Fly out, F1 (Line Drive, P, EV 75.6 MPH)
|
Top of the 11th over - 0 runs, 1 hit, 0 errors, 2 left on base; Syracuse 4 - Albuquerque 4 |
BOTTOM OF THE 11TH |
Albuquerque Isotopes batting - Pitching for Syracuse Chiefs : RHP Ruben Nevarel
|
Pitching: LHP Ian Bell
|
|
Pinch Hitting: RHB Nate Carrell
|
0-0: Called Strike 0-1: Foul Ball, location: 2F 0-2: Foul Ball, location: 2F 0-2: Strikes out swinging
|
Batting: RHB Joe Hinson
|
0-0: Called Strike 0-1: Swinging Strike 0-2: Ground out 5-3 (Groundball, 56S, EV 86.2 MPH)
|
Batting: LHB Tetsuya Oba
|
0-0: Swinging Strike 0-1: Called Strike 0-2: Ball 1-2: SINGLE (Line Drive, 6MD, EV 106.9 MPH)
|
Batting: RHB Jerry Castro
|
0-0: Ball 1-0: Called Strike Tetsuya Oba steals 2nd base 1-1: Intentional Walk
|
Batting: LHB Katsunan Akimoto
|
0-0: Ball 1-0: Foul Ball, location: 2F 1-1: Foul Ball, location: 2F 1-2: Ball 2-2: Ground out U3 (Groundball, 3L, EV 91.2 MPH)
|
Bottom of the 11th over - 0 runs, 1 hit, 0 errors, 2 left on base; Syracuse 4 - Albuquerque 4 |
TOP OF THE 12TH |
Syracuse Chiefs batting - Pitching for Albuquerque Isotopes : LHP Baltwin van Vliet
|
Now in RF: Nate Carrell
|
|
Batting: LHB Erik Beezley
|
0-0: Ball 1-0: Called Strike 1-1: Swinging Strike 1-2: Ball 2-2: Strikes out swinging
|
Batting: RHB Rene Montoya
|
0-0: Foul Ball, location: 2F 0-1: SINGLE (Groundball, 56, EV 81.9 MPH) (infield hit)
|
Batting: RHB Niek de Haan
|
0-0: Ball 1-0: Foul Ball, location: 2F 1-1: Ball Rene Montoya steals 2nd base (no throw) 2-1: Called Strike 2-2: Ground out 4-3 (Groundball, 34D, EV 86.2 MPH) Rene Montoya to third
|
Batting: RHB Ke-yue Hong
|
0-0: Ball 1-0: Called Strike 1-1: SINGLE (Flyball, 78S, EV 94.4 MPH) Rene Montoya scores
|
Batting: RHB Brennan Cameron
|
0-0: Ball 1-0: Ball 2-0: Ball 3-0: Foul Ball, location: 2F 3-1: Base on Balls Ke-yue Hong to second
|
Pitching: LHP Vasquo Sartores
|
|
Batting: LHB Dillon Gonzalez
|
0-0: Ball 1-0: Ball 2-0: Ball 3-0: Called Strike 3-1: Foul Ball, location: 2F 3-2: Base on Balls Ke-yue Hong to third Brennan Cameron to second
|
Batting: RHB Donovan Auclair
|
0-0: Called Strike 0-1: Ball 1-1: Fly out, F2 (Popup, 3SF, EV 74.4 MPH)
|
Top of the 12th over - 1 run, 2 hits, 0 errors, 3 left on base; Syracuse 5 - Albuquerque 4 |
BOTTOM OF THE 12TH |
Albuquerque Isotopes batting - Pitching for Syracuse Chiefs : LHP Ian Bell
|
Batting: RHB Eddie McCoy
|
0-0: Ball 1-0: Called Strike 1-1: Foul Ball, location: 2F 1-2: Ball 2-2: Foul Ball, location: 2F 2-2: Ball 3-2: SINGLE (Line Drive, 3D, EV 98.1 MPH)
|
Batting: RHB Ryan Taylor
|
0-0: Ball 1-0: Ball 2-0: Ball 3-0: Called Strike 3-1: Base on Balls Eddie McCoy to second
|
Batting: RHB Bobby Heagle
|
0-0: Swinging Strike 0-1: Ball 1-1: Called Strike 1-2: SINGLE (Line Drive, 4D, EV 101.9 MPH) Eddie McCoy to third Ryan Taylor to second
|
Pinch Hitting: RHB Jason Gee
|
0-0: Grounds into fielders choice 6-2 (Groundball, 6, EV 98.1 MPH) Ryan Taylor to third Bobby Heagle to second
|
Batting: RHB Nate Carrell
|
0-0: Ball 1-0: Foul Ball, location: 2F 1-1: Foul Ball, location: 2F 1-2: Grounds into fielders choice 6-2 (Groundball, 6, EV 87.5 MPH) Bobby Heagle to third Jason Gee to second
|
Pitching: LHP James Knapp
|
|
Batting: RHB Joe Hinson
|
0-0: Ball 1-0: Swinging Strike 1-1: Ball 2-1: Reached on error, E2 (Groundball, 2L, EV 70.6 MPH) Bobby Heagle scores Jason Gee scores
|
Bottom of the 12th over - 2 runs, 2 hits, 1 error, 0 left on base; Syracuse 5 - Albuquerque 6 |
|
Game Over ... Albuquerque defeats Syracuse, 6 to 5
|
|
|